 Dungeon Sprint DCSS version 0.17.1-3-g152610e (webtiles) character file.

7720 hexophile the Warrior (level 11, -10/113 (115) HPs)
             Began as a Minotaur Fighter on Apr 20, 2016.
             Was a Priest of Okawaru.
             Mangled by a very large slime creature (46 damage)
             ... in the Dungeon (Sprint II: "The Violet Keep of Menkaure").
             The game lasted 00:10:14 (2307 turns).

hexophile the Warrior (Minotaur Fighter)            Turns: 2307, Time: 00:10:14

HP:   -10/113 (115) AC: 13    Str: 23    XL:     11   Next: 0%
MP:   11/15         EV: 17    Int:  5    God:    Okawaru [***...]
Gold: 367           SH: 15    Dex: 11    Spells: 0 memorised, 10 levels left

rFire  . . .     SeeInvis .     e - +4 broad axe (chop)
rCold  . . .     Clarity  .     b - +0 scale mail
rNeg   . . .     SustAt   .     c - +1 shield
rPois  .         Gourm    .     (helmet restricted)
rElec  .         Spirit   .     (no cloak)
rCorr  .         Warding  .     (no gloves)
rMut   .         NoTele   +     (no boots)
MR     .....                    (no amulet)
Stlth  +.........               (no ring)
                                l - +3 ring of protection

@: heroism, flying, not resistant to hostile enchantments, very unstealthy
A: retaliatory headbutt, horns 2
a: Heroism, Renounce Religion


You were in the Dungeon.
You worshipped Okawaru.
Okawaru was most pleased with you.
You were not hungry.

You visited 1 branch You collected 1293 gold pieces.
You spent 926 gold pieces at shops.


Innate Abilities, Weirdness & Mutations

You reflexively headbutt those who attack you in melee.
You have a pair of horns on your head.

Inventory:

Hand Weapons
 e - a +4 broad axe of chopping (weapon)
Missiles
 n - 22 poisoned needles
 F - a throwing net (quivered) {+f}
Armour
 b - a +0 scale mail (worn)
 c - a +1 shield (worn)
Jewellery
 l - a +3 ring of protection (left hand)
Wands
 g - a wand of paralysis (16)
Scrolls
 a - 5 scrolls of identify
 d - 3 scrolls of immolation
 k - a scroll of recharging
 o - a scroll of enchant armour
Potions
 f - 4 potions of lignification
 i - 5 potions of magic
 j - a potion of curing
 m - a potion of degeneration {unknown}
 q - a potion of cure mutation {unknown}
 t - 3 potions of resistance {rF+ rC+ rPois rElec rCorr}
 u - 5 potions of flight


You had 10 spell levels left.
You didn't know any spells.


   Skills:
 * Level 16.5(21.5) Fighting
 * Level 16.4(21.4) Axes
 + Level 11.7(16.7) Armour
 + Level 10.3(15.3) Dodging
 + Level 11.6(16.6) Shields
 * Level 6.9 Invocations

Dungeon Overview and Level Annotations

Branches:
Dungeon (1/1)

Altars:
Cheibriados
Dithmenos
Elyvilon
Fedhas
Gozag
Kikubaaqudgha
Makhleb
Nemelex Xobeh
Okawaru
Qazlal
Ru
Sif Muna
Trog
Vehumet
Xom
Yredelemnul
Zin
The Shining One
Beogh
Jiyva
Lugonu

Shops:
D %=:=[*(!:}?*!:[?

Annotations:
D exclusions: obsidian statue and oklob plant

Vault maps used:
D:        the_violet_keep_of_menkaure
You       could see a great orb of eyes, a very large slime creature, a spectral
          quokka and 2 wyverns.


Message History

Okawaru accepts your kill.
You closely miss the ice dragon. You block the spectral bat's attack.
The spectral bat barely misses you. The spectral bat completely misses you.
You slice the yak!!
You kill the yak!
Okawaru accepts your kill.
You have reached level 11!
You hit the ice dragon but do no damage.
You slash the wyvern!
The wyvern is moderately wounded.
You slice the very large slime creature!!
The very large slime creature is moderately wounded.
You slash the spectral bat!
You destroy the spectral bat!
You block the very large slime creature's attack.
You block the ice dragon's attack. x2
The ice dragon misses you.
You got additional 7 HP.
You lost 16 HP.
You have now: 70/113 HP.
Unknown command.
You slash the very large slime creature!
You headbutt the very large slime creature!
The very large slime creature is heavily wounded.
You closely miss the wyvern.
The wyvern is moderately wounded.
You hit the ice dragon but do no damage.
You hit the great orb of eyes.
The great orb of eyes is lightly wounded.
You block the wyvern's attack.
You block the very large slime creature's attack.
The great orb of eyes bites you. The ice dragon breathes frost at you.
The blast of cold hits you!
* * * LOW HITPOINT WARNING * * *
You are too injured to fight recklessly!
You lost 34 HP.
You have now: 36/113 HP.
Unknown command.
You are too injured to fight recklessly!
Unknown command.
You are too injured to fight recklessly!
Unknown command.
You are too injured to fight recklessly!
Unknown command.
You are too injured to fight recklessly!
Unknown command.
Drink which item? (? for menu, Esc to quit)
Okay, then.
You block the wyvern's attack. x2
Unknown command.
The very large slime creature hits you!!!
You die...

Action                   |  1- 3 |  4- 6 |  7- 9 | 10-12 || total
-------------------------+-------+-------+-------+-------++-------
Melee: War axe           |    20 |    13 |     4 |       ||    37
       Broad axe         |       |       |    55 |    37 ||    92
Throw: Throwing net      |       |       |       |     1 ||     1
Invok: Heroism           |       |       |     1 |     3 ||     4
Evoke: Wand              |       |       |     1 |       ||     1
  Use: Potion            |     2 |     1 |     3 |     4 ||    10
       Scroll            |       |       |    12 |       ||    12
 Stab: Paralysed         |       |       |    11 |       ||    11
  Eat: Beef jerky        |       |       |     1 |       ||     1
       Bread ration      |       |       |     1 |       ||     1

Notes
Turn   | Place    | Note
--------------------------------------------------------------
     0 | D        | hexophile the Minotaur Fighter began the quest for the Orb.
     0 | D        | Reached XP level 1. HP: 19/19 MP: 0/0
     1 | D        | Noticed a worker ant
     1 | D        | Noticed a worker ant
    15 | D        | Killed a worker ant
    15 | D        | Reached skill level 6 in Fighting
    15 | D        | Reached skill level 5 in Axes
    15 | D        | Reached XP level 2. HP: 17/30 MP: 1/1
    18 | D        | Killed a worker ant
    18 | D        | Reached skill level 7 in Fighting
    18 | D        | Reached skill level 6 in Axes
    18 | D        | Reached XP level 3. HP: 10/39 MP: 2/2
    19 | D        | Noticed a worker ant
    19 | D        | Noticed a worker ant
    22 | D        | HP: 1/39 [worker ant (4)]
    26 | D        | Killed a worker ant
    26 | D        | Reached skill level 7 in Axes
    26 | D        | Reached XP level 4. HP: 10/48 MP: 3/3
    31 | D        | Killed a worker ant
    31 | D        | Reached skill level 8 in Fighting
    39 | D        | Noticed a siren
    51 | D        | Killed Menkaure
    52 | D        | Killed a siren
    52 | D        | Reached skill level 10 in Fighting
    52 | D        | Reached skill level 10 in Axes
    52 | D        | Reached skill level 6 in Armour
    52 | D        | Reached skill level 4 in Dodging
    52 | D        | Reached skill level 6 in Shields
    52 | D        | Reached XP level 5. HP: 11/59 MP: 4/4
    52 | D        | Reached XP level 6. HP: 12/67 MP: 5/5
    68 | D        | Noticed a hippogriff
    68 | D        | Noticed a hippogriff
    73 | D        | Killed a hippogriff
    73 | D        | Reached skill level 11 in Fighting
    73 | D        | Reached skill level 11 in Axes
    73 | D        | Reached skill level 5 in Dodging
    73 | D        | Reached XP level 7. HP: 14/74 MP: 6/6
    77 | D        | Killed a hippogriff
    77 | D        | Reached skill level 7 in Armour
    77 | D        | Reached skill level 7 in Shields
   311 | D        | Found Xueffec's General Store.
   311 | D        | Found Fimpoqu's Book Boutique.
   311 | D        | Found Toetawnok's Book Shop.
   311 | D        | Found Ysileclogg's Gadget Boutique.
   311 | D        | Found Jelyosk's Magic Scroll Shop.
   311 | D        | Found Jungy's Magic Scroll Boutique.
   311 | D        | Found Jepsuwet's Distillery.
   311 | D        | Found Irokacay's Distillery.
   311 | D        | Found Foer's Antique Armour Boutique.
   312 | D        | Found Vaekau's Antique Weapon Shop.
   312 | D        | Found Iviafrupt's Assorted Antiques.
   314 | D        | Found Wimaor's Antique Armour Boutique.
   314 | D        | Found Kaqyom's Jewellery Shop.
   314 | D        | Noticed a crocodile
   314 | D        | Noticed an oklob plant
   315 | D        | Found Gerhul's Jewellery Shop.
   315 | D        | Found Mod Rikh's Book Shoppe.
   315 | D        | Found Rocatimm's Food Boutique.
   318 | D        | Noticed a spiny frog
   319 | D        | Noticed a spiny frog
   321 | D        | Noticed a fire dragon
   348 | D        | Bought a scroll labeled WAXZABB GIET for 30 gold pieces
   348 | D        | Bought a scroll labeled YFYTYLOSIR for 30 gold pieces
   348 | D        | Bought a scroll labeled XUUBLY XITWOAL for 30 gold pieces
   348 | D        | Bought a bronze wand for 120 gold pieces
   348 | D        | Bought a garnet ring for 150 gold pieces
   360 | D        | Bought a scroll of identify for 20 gold pieces
   363 | D        | Bought a scroll of identify for 26 gold pieces
   378 | D        | Killed a crocodile
   378 | D        | Reached skill level 12 in Fighting
   403 | D        | Noticed an electric eel
   403 | D        | Noticed an electric eel
   404 | D        | Noticed an electric eel
   404 | D        | Noticed an electric eel
   405 | D        | Noticed an electric eel
   405 | D        | Noticed an electric eel
   405 | D        | Noticed an electric eel
   440 | D        | Noticed an obsidian statue
   463 | D        | Bought a slimy ring mail for 288 gold pieces
   465 | D        | Bought a scroll of identify for 26 gold pieces
   465 | D        | Bought a scroll of identify for 26 gold pieces
   465 | D        | Identified the +3 ring mail of Elitism {Int+3 SInv} (You bought it in a shop in the Dungeon)
   473 | D        | Bought a smoking scale mail for 180 gold pieces
   473 | D        | Identified the cursed +0 scale mail of Absence {Dex+3} (You bought it in a shop in the Dungeon)
   513 | D        | Noticed a crocodile
   514 | D        | Found an ancient bone altar of Kikubaaqudgha.
   514 | D        | Found a shimmering altar of Xom.
   517 | D        | Killed a crocodile
   518 | D        | Found a sacrificial altar of Ru.
   519 | D        | Found an iron altar of Okawaru.
   519 | D        | Found a burning altar of Makhleb.
   520 | D        | Found a shadowy altar of Dithmenos.
   520 | D        | Found a roughly hewn altar of Beogh.
   520 | D        | Found a corrupted altar of Lugonu.
   521 | D        | Found a white marble altar of Elyvilon.
   522 | D        | Found a deep blue altar of Sif Muna.
   522 | D        | Found a stormy altar of Qazlal.
   522 | D        | Found a basalt altar of Yredelemnul.
   523 | D        | Found a glowing golden altar of the Shining One.
   523 | D        | Found a glowing silver altar of Zin.
   524 | D        | Found a snail-covered altar of Cheibriados.
   524 | D        | Found a bloodstained altar of Trog.
   526 | D        | Noticed a polar bear
   527 | D        | Noticed a polar bear
   527 | D        | Noticed a polar bear
   528 | D        | Found a sparkling altar of Nemelex Xobeh.
   528 | D        | Found a viscous altar of Jiyva.
   528 | D        | Found a blossoming altar of Fedhas.
   529 | D        | Found an opulent altar of Gozag.
   529 | D        | Found a radiant altar of Vehumet.
   530 | D        | Noticed a yaktaur
   531 | D        | Noticed a wasp
   534 | D        | Killed a polar bear
   534 | D        | Reached skill level 12 in Axes
   534 | D        | Reached skill level 6 in Dodging
   534 | D        | Reached XP level 8. HP: 85/85 MP: 7/7
   536 | D        | Killed a polar bear
   536 | D        | Reached skill level 8 in Armour
   536 | D        | Reached skill level 8 in Shields
   538 | D        | Killed a polar bear
   538 | D        | Reached skill level 13 in Fighting
   538 | D        | Reached skill level 13 in Axes
   538 | D        | Reached skill level 7 in Dodging
   543 | D        | Killed a wasp
   546 | D        | Killed a yaktaur
   564 | D        | Noticed a crocodile
   570 | D        | Became a worshipper of Warmaster Okawaru
   579 | D        | Noticed a crocodile
   582 | D        | Noticed a kraken
  1230 | D        | Killed a kraken
  1230 | D        | Reached * piety under Okawaru
  1230 | D        | Reached skill level 14 in Fighting
  1230 | D        | Reached skill level 14 in Axes
  1230 | D        | Reached skill level 10 in Armour
  1230 | D        | Reached skill level 8 in Dodging
  1230 | D        | Reached skill level 10 in Shields
  1230 | D        | Reached XP level 9. HP: 88/96 MP: 8/8
  1239 | D        | Noticed a crocodile
  1243 | D        | Killed a crocodile
  1243 | D        | Reached skill level 15 in Fighting
  1244 | D        | Killed a crocodile
  1244 | D        | Reached ** piety under Okawaru
  1244 | D        | Reached skill level 1 in Invocations
  1247 | D        | Killed a crocodile
  1259 | D        | Noticed a swamp drake
  1260 | D        | Noticed a crystal guardian
  1263 | D        | Noticed a death drake
  1279 | D        | Killed a swamp drake
  1279 | D        | Reached skill level 9 in Dodging
  1317 | D        | Killed a death drake
  1317 | D        | Reached skill level 15 in Axes
  1317 | D        | Reached skill level 2 in Invocations
  1317 | D        | Reached XP level 10. HP: 98/104 MP: 10/10
  1891 | D        | Noticed a swamp drake
  1892 | D        | Noticed a death drake
  1905 | D        | Killed a death drake
  1905 | D        | Reached skill level 3 in Invocations
  2143 | D        | Killed a swamp drake
  2181 | D        | Killed a crystal guardian
  2181 | D        | Reached skill level 11 in Armour
  2181 | D        | Reached skill level 4 in Invocations
  2256 | D        | Noticed a deep elf master archer
  2260 | D        | Noticed a polar bear
  2260 | D        | Noticed a polar bear
  2268 | D        | Killed a polar bear
  2268 | D        | Reached skill level 11 in Shields
  2269 | D        | Killed a polar bear
  2269 | D        | Reached skill level 5 in Invocations
  2289 | D        | Killed a deep elf master archer
  2289 | D        | Reached *** piety under Okawaru
  2289 | D        | Reached skill level 16 in Fighting
  2289 | D        | Reached skill level 16 in Axes
  2289 | D        | Reached skill level 10 in Dodging
  2289 | D        | Reached skill level 6 in Invocations
  2295 | D        | Noticed a wyvern
  2295 | D        | Noticed an ice dragon
  2295 | D        | Noticed a great orb of eyes
  2295 | D        | Noticed a slime creature
  2295 | D        | Noticed a wyvern
  2295 | D        | Noticed a slime creature
  2295 | D        | Noticed a yak
  2295 | D        | Noticed a yak
  2295 | D        | Noticed a yak
  2297 | D        | Noticed a slime creature
  2300 | D        | Killed a yak
  2303 | D        | Killed a yak
  2304 | D        | Killed a yak
  2304 | D        | Reached XP level 11. HP: 70/113 MP: 11/15
  2307 | D        | Mangled by a very large slime creature

Table legend:
 A = Turns spent in this place as a percentage of turns spent in the entire game.
 B = Non-inter-level travel turns spent in this place as a percentage of non-inter-level travel turns spent in the entire game.
 C = Inter-level travel turns spent in this place as a percentage of turns spent in this place.
 D = Turns resting spent in this place as a percentage of non-inter-level travel turns spent in this place.
 E = Turns spent auto-exploring this place as a percentage of non-inter-level travel turns spent in this place.
 F = Non-inter-level travel turns spent in this place divided by the number of levels of this place that you've seen.
                   A       B       C       D       E      F
               +-------+-------+-------+-------+-------+----------------------
         Total | 100.0 | 100.0 |   0.0 |  12.5 |   0.0 | 910.0
       Dungeon | 100.0 | 100.0 |   0.0 |  12.5 |   0.0 | 910.0
               +-------+-------+-------+-------+-------+----------------------

Table legend:
 A = Kills in this place as a percentage of kills in entire the game.
 B = Kills by you in this place as a percentage of kills by you in the entire game.
 C = Kills by friends in this place as a percentage of kills by friends in the entire game.
 D = Other kills in this place as a percentage of other kills in the entire game.
 E = Experience gained in this place as a percentage of experience gained in the entire game.
 F = Experience gained in this place divided by the number of levels of this place that you have seen.
                   A       B       C       D       E      F
               +-------+-------+-------+-------+-------+----------------------
         Total | 100.0 | 100.0 |  -nan |  -nan | 100.0 | 11029.0
       Dungeon | 100.0 | 100.0 |  -nan |  -nan | 100.0 | 11029.0
               +-------+-------+-------+-------+-------+----------------------

Vanquished Creatures
  A deep elf master archer (D)
  A kraken (D)
  A crystal guardian (D)
  2 death drakes (D)
  A siren (D)
  A yaktaur (D)
  5 polar bears (D)
  2 hippogriffs (D)
  3 yaks (D)
  A wasp (D)
  2 swamp drakes (D)
  5 crocodiles (D)
  4 worker ants (D)
  3 worms (D)
  A spectral bat (D)
33 creatures vanquished.

Vanquished Creatures (others)
  Menkaure (D)
  8 tentacles (D)
  261 tentacle segments (D)
270 creatures vanquished.

Grand Total: 303 creatures vanquished
